 Dungeon Crawl Stone Soup version 0.23.0 (webtiles) character file.

Game seed: 4786204829601296218

180156 Fuzzwah the Executioner (level 17, -1/163 HPs)
             Began as a Minotaur Berserker on Feb 11, 2019.
             Was the Champion of Trog.
             Slain by a hell beast (9 damage)
             ... summoned by a deep elf demonologist
             ... on level 3 of the Elven Halls.
             The game lasted 01:58:03 (24555 turns).

Fuzzwah the Executioner (Minotaur Berserker)       Turns: 24555, Time: 01:58:05

Health: -1/163     AC: 38    Str: 30    XL:     17   Next: 63%
Magic:  14/14      EV: 18    Int:  6    God:    Trog [******]
Gold:   464        SH:  0    Dex: 29    Spells: 16/16 levels left

rFire    + + .     SeeInvis +   s - +6 battleaxe of Kigio {freeze, rElec MR++}
rCold    x . .     Gourm    .   (shield currently unavailable)
rNeg     . . .     Faith    +   B - +8 plate armour of Qeschaducs {Str+6 Dex+3 SInv}
rPois    .         Spirit   .   (helmet restricted)
rElec    +         Reflect  .   b - +2 cloak
rCorr    .         Harm     .   l - +2 pair of gloves
MR       +++++                  h - +2 pair of boots {Fly}
Stlth    ++........             w - amulet of faith
HPRegen  1.37/turn              H - ring of Wacinuex {*Drain rF++ Int+2 Slay+4 Stlth+}
MPRegen  0.14/turn              j - ring of Nukos {rC- Dex+6 Slay+6 Stlth+}

@: agile, berserk cooldown, flying, regenerating, slowed, very slow
A: retaliatory headbutt, horns 2, yellow scales 1, low mp 1, mutation resistance
1
a: Berserk, Trog's Hand, Brothers in Arms, Renounce Religion, Stop Flying


You were on level 3 of the Elven Halls.
You worshipped Trog.
Trog was exalted by your worship.
You were near starving.

You visited 5 branches of the dungeon, and saw 26 of its levels.
You also visited: Bailey.

You collected 3375 gold pieces.
You spent 2911 gold pieces at shops.

Inventory:

Hand Weapons
 k - a +7 broad axe of venom
 s - the +6 battleaxe of Kigio (weapon) {freeze, rElec MR++}
   (Trog gifted it to you on level 12 of the Dungeon)

   It has been specially enchanted to freeze those struck by it, causing extra
   injury to most foes and up to half again as much damage against particularly
   susceptible opponents.
   It can also slow down cold-blooded creatures.
   It insulates you from electricity.
   It affects your resistance to hostile enchantments.
 u - a +2 halberd of protection
 M - a +5 quick blade
 X - a +2 antimagic war axe
Missiles
 d - 9 throwing nets (quivered)
Armour
 b - a +2 cloak (worn)
 h - a +2 pair of boots of flying (worn)
 i - a +1 pair of gloves
 l - a +2 pair of gloves (worn)
 B - the +8 plate armour of Qeschaducs (worn) {Str+6 Dex+3 SInv}
   (You found it on level 11 of the Dungeon)

   It affects your strength (+6).
   It affects your dexterity (+3).
   It lets you see invisible.
 U - a +1 pair of boots
Jewellery
 j - the ring of Nukos (right hand) {rC- Dex+6 Slay+6 Stlth+}
   (You bought it in a shop on level 2 of the Orcish Mines)

   [ring of stealth]

   It affects your dexterity (+6).
   It affects your accuracy and damage with ranged weapons and melee attacks
   (+6).
   It makes you vulnerable to cold.
   It makes you more stealthy.
 w - an amulet of faith (around neck)
 C - the ring of the Morning {Str+3 Int+3 Stlth+}
   (You acquired it on level 11 of the Dungeon)

   [ring of stealth]

   It affects your strength (+3).
   It affects your intelligence (+3).
   It makes you more stealthy.
 H - the ring of Wacinuex (left hand) {*Drain rF++ Int+2 Slay+4 Stlth+}
   (You bought it in a shop on level 7 of the Dungeon)

   [ring of slaying]

   It affects your intelligence (+2).
   It affects your accuracy and damage with ranged weapons and melee attacks
   (+4).
   It greatly protects you from fire.
   It causes draining when unequipped.
   It makes you more stealthy.
 S - an uncursed ring of protection from magic
 Y - an uncursed amulet of guardian spirit
Wands
 o - a wand of acid (7)
 r - a wand of polymorph (22)
 F - a wand of digging (11)
 Q - a wand of flame (9)
 R - a wand of enslavement (8)
 W - a wand of iceblast (6)
Scrolls
 a - 3 scrolls of magic mapping
 g - 7 scrolls of teleportation
 p - 5 scrolls of identify
 q - 11 scrolls of remove curse
 t - 3 scrolls of fog
 x - a scroll of holy word
 y - 4 scrolls of enchant weapon
 J - a scroll of vulnerability {unknown}
 L - 3 scrolls of fear
 N - a scroll of brand weapon
Potions
 e - a potion of cancellation
 f - 4 potions of heal wounds
 m - 4 potions of curing
 n - 3 potions of ambrosia
 v - 2 potions of invisibility
 z - a potion of berserk rage {unknown}
 D - 2 potions of might
 E - 5 potions of agility
 I - a potion of haste
 K - a potion of flight
 O - a potion of brilliance
 P - a potion of resistance
 T - a potion of magic
Miscellaneous
 A - a phial of floods
 G - a lightning rod (4/4)
Comestibles
 c - 24 rations


   Skills:
 + Level 18.1 Fighting
 + Level 25.1(25.3) Axes
   Level 2.8(17.5) Maces & Flails
 + Level 6.3(18.2) Polearms
 + Level 15.3 Armour
 + Level 5.3 Dodging
 + Level 2.7 Stealth
   Level 3.1 Shields


You had 16 spell levels left.
You didn't know any spells.
Your spell library was empty.

Dungeon Overview and Level Annotations

Branches:
Dungeon (15/15)            Temple (0/1) D:5            Lair (3/6) D:11
  Snake (3/4) Lair:3          Orc (2/2) D:9             Elf (3/3) Orc:2
 Vaults (0/5) D:13         Depths (0/5) D:15
  Swamp: Lair:2-4    Shoals: Lair:2-4

Altars:
Cheibriados
Dithmenos
Hepliaklqana
Makhleb
Sif Muna
Trog
Xom
The Shining One
Beogh

Shops:
D:5 !   D:7 ([:=*   D:13 %   Orc:2 =(*[   Elf:2 *(*   Elf:3 ==}}   Snake:2 (

Portals:
Trove: D:12 (give 4 potions of resistance)

Annotations:
D:5 1 runed translucent door
Snake:2 exclusion: Roxanne, Roxanne


Innate Abilities, Weirdness & Mutations

You reflexively headbutt those who attack you in melee.
You have a pair of horns on your head.
You are partially covered in yellow scales. (AC +2)
Your magical capacity is low. (-10% MP)
You are somewhat resistant to further mutation.


Message History

You furiously retaliate!
You headbutt the earth elemental.
The earth elemental completely misses you.
The deep elf blademaster hits you but does no damage.
The deep elf blademaster closely misses you.
The hell beast bites you but does no damage.
The hell beast completely misses you.
You hear a bellow!
You hear a shout! x2
You hit the earth elemental but do no damage.
You headbutt the earth elemental.
The earth elemental is lightly damaged.
You hit the earth elemental.
You completely miss the earth elemental.
You completely miss the hell beast. You slash the deep elf blademaster!
You freeze the deep elf blademaster. You slash the earth elemental!
You destroy the earth elemental!
The balrug gestures at you. Something smites you!
* * * LOW HITPOINT WARNING * * *
The hell beast bites you!
You die...

#..##)##.# ...#e#..# #..#e#..
########E(E.E# ####
########......E.EE..# #...##
#........#####xEeEE.###.....##
#.#####.## ##E2E.###.......##
#.# ##.# #.e2E##.........##
#.####.## #.@E##...........#
#.#....# ##EE.............#
#.#.##.## ##.###........[..#
#.#.###.# ##..# ##.........#
#.#.###.## ###...# ##.......#
#........###.....# ##.....##
#.###.#..........# ##...## .##
##........(..# #...## ##
##.##.....### #.###


You could see a deep elf blademaster, a hell beast, a balrug, a deep elf master
archer, 2 deep elf annihilators, 15 earth elementals, a small abomination and a
+2 battleaxe of venom.

Vanquished Creatures
  Saint Roka (Orc:2)
  Vashnia (Snake:2)
  Nikola (Snake:1)
  Rupert (Lair:3)
  A deep elf blademaster (Elf:2)
  Frances (Elf:1)
  Agnes (Elf:2)
  A fire giant (D:15)
  2 nagarajas (Snake:3)
  3 deep elf sorcerers
  A deep elf elementalist (Elf:3)
  An orc warlord (Orc:2)
  A stone giant (Orc:2)
  A deep elf demonologist (Elf:3)
  Azrael (Snake:1)
  A deep elf annihilator (Elf:3)
  The ghost of Blackhawk the Cleaver, a journeyman MiGl of Okawaru (D:14)
  Snorg (Orc:2)
  2 deep elf death magi
  A deep elf high priest (Elf:3)
  A rakshasa (D:11)
  7 naga warriors
  9 hydras
  Erica (D:8)
  3 centaur warriors
  2 ogre magi
  A queen ant (Lair:2)
  4 anacondas
  8 two-headed ogres
  25 dancing weapons
  5 orc high priests
  3 shock serpents
  5 naga sharpshooters
  Nergalle (D:10)
  18 deep elf knights
  4 skeletal warriors (D:12)
  A salamander mystic (Snake:3)
  2 unseen horrors
  16 deep elf archers
  2 naga ritualists
  A wizard (D:14)
  38 deep elf magi
  4 orc knights (Orc:2)
  8 mana vipers
  4 ugly things (D:15)
  4 cyclopes
  5 orc sorcerers (Orc:2)
  3 salamanders
  A wolf spider (D:15)
  A manticore (D:14)
  2 guardian serpents
  18 black mambas
  12 naga magi
  The ghost of dinmas the Slasher, a novice DsGl (D:5)
  8 spiny frogs
  3 gargoyles
  A spiny frog (shapeshifter) (Elf:1)
  A rime drake (Lair:2)
  4 yaktaurs (D:13)
  4 komodo dragons
  2 kobold demonologists
  2 efreet
  8 trolls
  3 meliai (D:12)
  5 hippogriffs
  9 slime creatures
  2 air elementals (Elf:1)
  3 shadows
  26 yaks
  4 water elementals (Elf:1)
  Sigmund (D:2)
  A human (D:7)
  A wraith (D:14)
  4 hogs (D:7)
  3 wyverns
  A hungry ghost (D:13)
  6 fire elementals
  3 basilisks (Lair:1)
  4 vampire mosquitoes (D:14)
  3 wargs
  23 nagas
  A soldier ant (shapeshifter) (D:15)
  3 hell hounds (Snake:1)
  5 porcupines
  10 soldier ants
  5 water moccasins
  52 orc warriors
  2 black bears
  4 ice beasts
  3 sky beasts
  3 necrophages
  14 ogres
  5 wolves (Lair:2)
  A phantom (D:6)
  19 centaurs
  7 crocodiles
  15 bullfrogs
  3 big kobolds
  8 gnoll sergeants (Bailey)
  An earth elemental (Elf:1)
  A wyvern skeleton (D:11)
  A water moccasin skeleton (D:5)
  4 scorpions
  13 killer bees
  8 howler monkeys
  6 wights
  2 electric eels (Lair:2)
  3 bullfrog zombies
  7 crimson imps
  4 centaur zombies
  A quasit (D:14)
  7 hounds
  35 orc wizards
  5 bullfrog skeletons
  2 jellies
  4 centaur skeletons
  6 gnoll shamans (Bailey)
  31 orc priests
  6 iguanas
  31 worker ants
  Robin (D:3)
  17 adders
  14 gnolls (Bailey)
  A river rat (D:5)
  2 shadow imps
  2 oozes
  2 adder skeletons (D:4)
  An adder zombie (D:5)
  A worm (D:3)
  A dart slug (D:1)
  4 leopard geckos
  93 orcs
  3 giant cockroaches
  19 goblins
  12 hobgoblins
  6 jackals (D:6)
  4 quokkas
  2 ball pythons
  7 bats
  3 frilled lizards
  21 kobolds
  10 rats
  5 fungi
  7 plants
955 creatures vanquished.

Vanquished Creatures (others)
  A sky beast (D:15)
  2 plants
3 creatures vanquished.

Grand Total: 958 creatures vanquished

Notes
Turn   | Place    | Note
-------+----------+-------------------------------------------
     0 | D:1      | Fuzzwah the Minotaur Berserker began the quest for the Orb.
     0 | D:1      | Reached XP level 1. HP: 19/19 MP: 0/0
   161 | D:1      | Reached skill level 4 in Axes
   163 | D:1      | Reached XP level 2. HP: 25/27 MP: 1/1
   735 | D:2      | Reached XP level 3. HP: 29/33 MP: 2/2
   763 | D:2      | Reached ** piety under Trog
  1113 | D:2      | Noticed Sigmund
  1124 | D:2      | Killed Sigmund
  1124 | D:2      | Reached skill level 5 in Fighting
  1124 | D:2      | Reached skill level 5 in Axes
  1124 | D:2      | Reached skill level 1 in Maces & Flails
  1124 | D:2      | Reached skill level 1 in Polearms
  1124 | D:2      | Reached XP level 4. HP: 42/42 MP: 3/3
  1124 | D:2      | Reached XP level 5. HP: 48/48 MP: 4/4
  1307 | D:2      | Reached XP level 6. HP: 56/56 MP: 5/5
  2070 | D:3      | Noticed Robin
  2079 | D:3      | Reached *** piety under Trog
  2093 | D:3      | Killed Robin
  2094 | D:3      | Reached skill level 6 in Axes
  2203 | D:3      | Gained mutation: Your magical capacity is low. (-10% MP)
                  | [potion of mutation]
  2203 | D:3      | Gained mutation: You are partially covered in yellow
                  | scales. (AC +2) [potion of mutation]
  2203 | D:3      | Gained mutation: You are somewhat resistant to further
                  | mutation. [potion of mutation]
  2551 | D:4      | Reached XP level 7. HP: 55/61 MP: 5/5
  2770 | D:5      | Entered Level 5 of the Dungeon
  2787 | D:5      | Reached **** piety under Trog
  2787 | D:5      | Reached skill level 1 in Stealth
  2791 | D:5      | Found a runed translucent door.
  2796 | D:5      | Noticed dinmas's ghost (novice DsGl)
  2870 | D:5      | Found a runed translucent door.
  2889 | D:5      | Killed dinmas's ghost
  2889 | D:5      | Reached skill level 5 in Polearms
  2895 | D:5      | Reached XP level 8. HP: 52/70 MP: 6/6
  3091 | D:5      | Found a staircase to the Ecumenical Temple.
  3202 | D:5      | Found Mudopseps's Distillery.
  3205 | D:5      | Reached skill level 7 in Axes
  3211 | D:5      | Bought a potion of heal wounds for 60 gold pieces
  3211 | D:5      | Bought a potion of heal wounds for 60 gold pieces
  3211 | D:5      | Bought a potion of degeneration for 12 gold pieces
  3211 | D:5      | Bought 2 potions of heal wounds for 120 gold pieces
  3690 | D:6      | Found a snail-covered altar of Cheibriados.
  3705 | D:6      | Reached skill level 5 in Armour
  4153 | D:6      | Reached skill level 8 in Axes
  4190 | D:6      | Reached ***** piety under Trog
  4190 | D:6      | Reached skill level 1 in Shields
  4400 | D:6      | Found a shimmering altar of Xom.
  4401 | D:6      | Found a bloodstained altar of Trog.
  4401 | D:6      | Found a burning altar of Makhleb.
  4402 | D:6      | Found a deep blue altar of Sif Muna.
  4482 | D:7      | Found Iclaguk's Jewellery Emporium.
  4692 | D:7      | Reached XP level 9. HP: 78/78 MP: 7/7
  4705 | D:7      | Reached skill level 9 in Axes
  4713 | D:7      | Noticed a gargoyle
  4725 | D:7      | Killed a gargoyle
  4936 | D:7      | Found Vixueng's Antique Armour Shoppe.
  4942 | D:7      | Reached skill level 10 in Axes
  4988 | D:7      | Found Okashuul's Assorted Antiques.
  5001 | D:7      | Bought a scroll labeled VYAQ BANEUWN for 29 gold pieces
  5054 | D:7      | Found Zozineryo's Book Boutique.
  5073 | D:7      | Found Gilomn's Weapon Emporium.
  5307 | D:7      | Reached skill level 11 in Axes
  5360 | D:8      | Noticed Erica
  5375 | D:8      | Killed Erica
  5375 | D:8      | Reached XP level 10. HP: 20/86 MP: 8/8
  5661 | D:8      | Reached skill level 12 in Axes
  6039 | D:9      | Found a staircase to the Orcish Mines.
  6050 | D:9      | Received a gift from Trog
  6153 | D:9      | Noticed a two-headed ogre
  6159 | D:9      | Killed a two-headed ogre
  6159 | D:9      | Reached skill level 13 in Axes
  6166 | D:9      | Found a flagged portal.
  6179 | Bailey   | Entered a bailey
  6794 | Bailey   | Identified Weojo's Incunabulum of Greatest Risks and
                  | Utility
  6975 | D:9      | Found a shadowy altar of Dithmenos.
  7020 | D:9      | Reached skill level 14 in Axes
  7227 | D:10     | Entered Level 10 of the Dungeon
  7235 | D:10     | Received a gift from Trog
  7238 | D:10     | Reached XP level 11. HP: 94/95 MP: 8/8
  7264 | D:10     | Found a hazy altar of Hepliaklqana.
  7324 | D:10     | Reached ****** piety under Trog
  7427 | D:10     | Received a gift from Trog
  7427 | D:10     | Reached skill level 15 in Axes
  7446 | D:10     | Noticed Nergalle
  7456 | D:10     | Killed Nergalle
  7456 | D:10     | Killed an unseen horror
  8389 | D:11     | Found a frozen archway.
  8491 | D:11     | Noticed a seven-headed hydra
  8497 | D:11     | Killed a nine-headed hydra
  8497 | D:11     | Reached skill level 16 in Axes
  8637 | D:11     | Noticed a rakshasa
  8641 | D:11     | Killed a rakshasa
  8768 | D:11     | Noticed a seven-headed hydra
  8783 | D:11     | Killed an 11-headed hydra
  8795 | D:11     | Got a dazzling plate armour
  9123 | D:11     | Identified the +8 plate armour of Qeschaducs {Str+6 Dex+3
                  | SInv} (You found it on level 11 of the Dungeon)
  9136 | D:11     | Identified a scroll of acquirement
  9138 | D:11     | Got an ancient copper ring
  9140 | D:11     | Identified the ring of the Morning {Str+3 Int+3 Stlth+}
                  | (You acquired it on level 11 of the Dungeon)
  9324 | D:11     | Found a staircase to the Lair.
  9455 | D:12     | Noticed a skeletal warrior
  9458 | D:12     | Noticed a skeletal warrior
  9458 | D:12     | Noticed a skeletal warrior
  9461 | D:12     | Noticed a two-headed ogre
  9462 | D:12     | Noticed a skeletal warrior
  9464 | D:12     | Killed a skeletal warrior
  9466 | D:12     | Killed a skeletal warrior
  9466 | D:12     | Reached skill level 17 in Axes
  9466 | D:12     | Reached XP level 12. HP: 104/104 MP: 9/9
  9471 | D:12     | Killed a two-headed ogre
  9474 | D:12     | Received a gift from Trog
  9503 | D:12     | Got a crude battleaxe {god gift}
  9769 | D:12     | Identified the +6 battleaxe of Kigio {freeze, rElec MR++}
                  | (Trog gifted it to you on level 12 of the Dungeon)
  9792 | D:12     | Noticed a centaur warrior
  9794 | D:12     | Noticed a six-headed hydra
  9801 | D:12     | Killed a centaur warrior
  9801 | D:12     | Reached skill level 18 in Axes
  9806 | D:12     | Killed a nine-headed hydra
 10182 | D:7      | Bought the ring of Wacinuex {*Drain rF++ Int+2 Slay+4
                  | Stlth+} for 1232 gold pieces
 10225 | Orc:1    | Entered Level 1 of the Orcish Mines
 10238 | Orc:1    | Noticed an orc high priest
 10247 | Orc:1    | Killed an orc high priest
 10417 | Orc:2    | Entered Level 2 of the Orcish Mines
 10482 | Orc:2    | Received a gift from Trog
 10497 | Orc:2    | Noticed Snorg
 10500 | Orc:2    | Noticed Saint Roka
 10505 | Orc:2    | Killed Snorg
 10505 | Orc:2    | Reached skill level 10 in Fighting
 10514 | Orc:2    | Found a roughly hewn altar of Beogh.
 10539 | Orc:2    | HP: 3/159 [orc warrior/+4 flail (8)]
 10541 | Orc:2    | Killed Saint Roka
 10541 | Orc:2    | Reached skill level 19 in Axes
 10541 | Orc:2    | Reached skill level 10 in Armour
 10541 | Orc:2    | Reached XP level 13. HP: 3/114 MP: 10/10
 10833 | Orc:2    | Found a staircase to the Elven Halls.
 10948 | Orc:2    | Noticed a stone giant
 11139 | Orc:2    | Killed a stone giant
 11498 | Orc:2    | Received a gift from Trog
 11499 | Orc:2    | Noticed an orc warlord
 11718 | Orc:2    | Killed an orc warlord
 11718 | Orc:2    | Reached skill level 20 in Axes
 12045 | Orc:2    | Received a gift from Trog
 12483 | Orc:2    | Found Taselufa's Antique Armour Boutique.
 12484 | Orc:2    | Found Baliapn's Antique Weapon Boutique.
 12485 | Orc:2    | Found Gamanir's General Store.
 12485 | Orc:2    | Found Tityiseb's Jewellery Shop.
 12654 | Lair:1   | Entered Level 1 of the Lair of Beasts
 13006 | Lair:1   | Received a gift from Trog
 13058 | Lair:1   | Reached skill level 21 in Axes
 13067 | Lair:1   | Reached XP level 14. HP: 101/125 MP: 11/11
 13655 | Lair:2   | Received a gift from Trog
 14297 | Lair:3   | Found a staircase to the Snake Pit.
 14643 | Lair:3   | Noticed Rupert
 14651 | Lair:3   | Killed Rupert
 14859 | D:12     | Found a portal to a secret trove of treasure.
 14910 | D:13     | You fall through a shaft for 2 floors!
 14910 | D:15     | Entered Level 15 of the Dungeon
 15011 | D:15     | Noticed a fire giant
 15018 | D:15     | Reached skill level 22 in Axes
 15019 | D:15     | Found a staircase to the Depths.
 15045 | D:15     | Received a gift from Trog
 15226 | D:15     | Killed a fire giant
 15271 | D:15     | Found a glowing golden altar of the Shining One.
 15734 | D:15     | Found a shadowy altar of Dithmenos.
 16146 | D:14     | Noticed Blackhawk's ghost (journeyman MiGl)
 16147 | D:14     | Found a runed translucent gate.
 16147 | D:14     | Found a runed translucent gate.
 16147 | D:14     | Found a runed translucent gate.
 16166 | D:14     | Killed Blackhawk's ghost
 16171 | D:14     | Reached XP level 15. HP: 137/137 MP: 12/12
 16643 | D:13     | Found Oqoelatann's Food Emporium.
 16894 | D:13     | Received a gift from Trog
 17176 | D:13     | Found a gate to the Vaults.
 17723 | Orc:2    | Bought a pair of embroidered boots for 180 gold pieces
 17723 | Orc:2    | Bought a pair of gloves for 108 gold pieces
 17744 | Orc:2    | Bought the ring of Nukos {rC- Dex+6 Slay+6 Stlth+} for 940
                  | gold pieces
 17940 | Snake:1  | Entered Level 1 of the Snake Pit
 18235 | Snake:1  | Noticed Nikola
 18246 | Snake:1  | Killed Nikola
 18246 | Snake:1  | Reached skill level 23 in Axes
 18279 | Snake:1  | Noticed Azrael
 18293 | Snake:1  | Killed Azrael
 18577 | Snake:1  | Received a gift from Trog
 18798 | Snake:2  | Reached skill level 15 in Fighting
 18853 | Snake:2  | Found Tuef's Antique Weapon Boutique.
 19175 | Snake:2  | Noticed Vashnia
 19241 | Snake:2  | Killed Vashnia
 19650 | Snake:2  | Reached XP level 16. HP: 149/149 MP: 13/13
 19658 | Snake:2  | Identified Roxanne's Reference Book on Shape Shifting
 19658 | Snake:2  | Noticed Roxanne
 20567 | Snake:3  | Received a gift from Trog
 20567 | Snake:3  | Reached skill level 5 in Dodging
 20680 | Snake:3  | Reached skill level 24 in Axes
 21126 | Elf:1    | Entered Level 1 of the Elven Halls
 21372 | Elf:1    | Received a gift from Trog
 21471 | Elf:1    | Noticed Frances
 21481 | Elf:1    | Killed Frances
 21933 | Elf:2    | Found Edaceh's General Store.
 21937 | Elf:2    | Received a gift from Trog
 22144 | Elf:2    | Found Zownyp's Weapon Shoppe.
 22240 | Elf:2    | Found Goyng's General Store.
 22250 | Elf:2    | Bought a potion of resistance for 170 gold pieces
 22402 | Elf:2    | Found a huge runed translucent gate.
 22404 | Elf:2    | Found a huge runed translucent gate.
 22407 | Elf:2    | Found a huge runed translucent gate.
 22408 | Elf:2    | Found a huge runed translucent gate.
 22408 | Elf:2    | Found a huge runed translucent gate.
 22746 | Elf:2    | Reached XP level 17. HP: 143/161 MP: 14/14
 23052 | Elf:2    | Noticed Agnes
 23056 | Elf:2    | Noticed a deep elf blademaster
 23060 | Elf:2    | Killed Agnes
 23068 | Elf:2    | Killed a deep elf blademaster
 23537 | Elf:3    | Entered Level 3 of the Elven Halls
 23681 | Elf:3    | Reached skill level 15 in Armour
 23726 | Elf:3    | Received a gift from Trog
 23739 | Elf:3    | Found Seabbef's Gadget Boutique.
 24250 | Elf:3    | Reached skill level 25 in Axes
 24252 | Elf:3    | Found Furir's Jewellery Emporium.
 24263 | Elf:3    | Found Toporof's Gadget Boutique.
 24264 | Elf:3    | Found Huantup's Jewellery Emporium.
 24521 | Elf:3    | Noticed a deep elf master archer
 24536 | Elf:3    | Noticed a deep elf blademaster
 24555 | Elf:3    | HP: 8/163 [balrug/divine providence[a deep elf
                  | demonologist] (13)]
 24555 | Elf:3    | Slain by a hell beast

Skill      XL: |  1  2  3  4  5  6  7  8  9 10 11 12 13 14 15 16 17 |
---------------+----------------------------------------------------+-----
Axes           | 4 5 6 8 11 14 17 19 21 22 23 24 25 | 25.1
Fighting       | 4 5 6 7 8 9 10 11 13 15 17 18 | 18.1
Maces & Flails | 1 2 |  2.8
Polearms       | 1 3 5 6 |  6.3
Dodging        | 3 4 5 |  5.3
Armour         | 3 4 6 7 8 9 10 11 12 14 15 | 15.3
Stealth        | 1 2 |  2.7
Shields        | 1 3 |  3.1

Action                   |  1- 3 |  4- 6 |  7- 9 | 10-12 | 13-15 | 16-18 || total
-------------------------+-------+-------+-------+-------+-------+-------++-------
Melee: Mace              |    26 |       |       |       |       |       ||    26
       Spear             |    42 |   114 |   131 |       |       |       ||   287
       Headbutt          |     7 |    11 |    46 |    72 |   185 |    94 ||   415
       War axe           |       |       |   138 |       |       |       ||   138
       Battleaxe         |       |       |    21 |   130 |   622 |   345 ||  1118
       Executioner's axe |       |       |       |   244 |       |       ||   244
Invok: Berserk           |     1 |     1 |     3 |    13 |     9 |     4 ||    31
       Trog's Hand       |       |       |       |       |     3 |     2 ||     5
  Use: Scroll            |     5 |     4 |     1 |    11 |    18 |     2 ||    41
       Potion            |       |     7 |       |     2 |    10 |     4 ||    23
 Stab: Sleeping          |       |     1 |       |       |       |       ||     1
  Eat: Chunk             |       |     7 |    11 |    14 |    10 |     8 ||    50
       Ration            |       |       |       |     5 |     8 |     3 ||    16
Armor: Animal skin       |     5 |       |       |       |       |       ||     5
       Scale mail        |       |    13 |       |       |       |       ||    13
       Chain mail        |       |     4 |   127 |   175 |       |       ||   306
       Plate armour      |       |       |       |    69 |   307 |   193 ||   569
Dodge: Dodged            |    42 |    41 |    75 |   247 |   248 |   128 ||   781
Block: Shield            |       |       |    69 |       |       |       ||    69
